 Dungeon Crawl Stone Soup version 0.32-a0-975-g85d4e5bfdb (webtiles) character file.

Game seed: 16346064703671775034

14959 TheMeInTeam the Basher (level 11, -4/93 HPs)
             Began as a Demonspawn Cinder Acolyte on Apr 19, 2024.
             Was a Follower of Ignis.
             Killed from afar by an ice statue (18 damage)
             ... with a shard of ice
             ... in an ice cave.
             The game lasted 00:39:32 (16216 turns).

TheMeInTeam the Basher (Demonspawn Cinder Acolyte) Turns: 16216, Time: 00:39:32

Health: -4/93      AC: 19    Str: 20    XL:     11   Next: 95%
Magic:  15/15      EV:  8    Int: 14    God:    Ignis [*.....]
Gold:   129        SH:  4    Dex: 10    Spells: 14/16 levels left

rFire   + . .        a - +2 flail (drain)
rCold   + . .        P - +0 buckler
rNeg    . . .        R - +4 scale mail
rPois   .            (helmet restricted)
rElec   .            Q - +1 cloak of the Peculiar Tables {^Contam rC+ Will++ Str+2}
rCorr   +            (no gloves)
SInv    .            J - +0 pair of boots
Will    ++...        (no amulet) Stlth
                     K - ring of resist corrosion
HPRegen 0.35/turn    D - +4 ring of protection {=R}
MPRegen 0.14/turn

%: no passive effects
@: about to teleport, hasted and slowed
A: horns 1, molten scales 1, powered by death 1, powered by pain 1
a: Renounce Religion, Fiery Armour, Foxfire Swarm, Rising Flame


You were in an ice cave.
You worshipped Ignis.
Ignis was aware of your devotion.
You visited 1 branch of the dungeon, and saw 11 of its levels.
You also visited: Ossuary, Bailey and Ice Cave.

You collected 1305 gold pieces.
You spent 1176 gold pieces at shops.

Inventory:

Hand Weapons
 a - a +2 flail of draining (weapon)
 e - a -1 mace of flaming
 w - a +2 dagger of venom
 L - the +6 broad axe of Destiny {heavy, Str+3}
   (You took it off a gnoll sergeant in a bailey)

   Str+3:     It affects your strength (+3).
Missiles
 g - 3 throwing nets
 I - 5 curare-tipped darts
Armour
 l - a +0 scale mail of cold resistance
 y - an orb of mayhem
 G - a +2 robe of fire resistance
 J - a +0 pair of boots (worn)
 P - a +0 buckler (worn)
 Q - the +1 cloak of the Peculiar Tables (worn) {^Contam rC+ Will++ Str+2}
   (You bought it in a shop on level 7 of the Dungeon)

   Str+2:     It affects your strength (+2).
   rC+:       It protects you from cold.
   Will++:    It greatly increases your willpower.
   ^Contam:   It causes magical contamination when unequipped.
 R - a +4 scale mail (worn)
Jewellery
 x - a ring of positive energy
 D - a +4 ring of protection (right hand) {=R}
 E - a ring of see invisible
 K - a ring of resist corrosion (left hand)
 S - the ring of Xiluzump {*Corrode rPois Int+3}
   (You took it off a gnoll on level 9 of the Dungeon)

   [ring of poison resistance]

   Int+3:     It affects your intelligence (+3).
   rPois:     It protects you from poison.
   *Corrode:  It may corrode you when you take damage.
Wands
 f - a wand of paralysis (4)
 k - a wand of flame (8)
 B - a wand of warping (3)
 C - a wand of mindburst (6)
 U - a wand of digging (8)
Scrolls
 c - a scroll of noise
 d - 4 scrolls of vulnerability
 h - a scroll of amnesia
 j - 4 scrolls of teleportation
 n - a scroll of enchant armour
 q - a scroll of acquirement {unknown}
 r - 3 scrolls of brand weapon
 s - 2 scrolls of fog
 t - 3 scrolls of poison
 u - a scroll of immolation
 H - a scroll of torment {unknown}
 N - 2 scrolls of fear {unknown}
 O - a scroll of revelation {unknown}
Potions
 b - 6 potions of enlightenment
 i - 7 potions of attraction
 m - a potion of might
 p - 2 potions of mutation
 v - a potion of curing
 z - a potion of cancellation
 A - 2 potions of brilliance
 F - a potion of magic
 T - a potion of resistance
Miscellaneous
 M - a condenser vane


   Skills:
 + Level 11.2 Fighting
 - Level 4.0 Short Blades
 * Level 12.2 Maces & Flails
 + Level 1.9 Armour
 - Level 2.0 Stealth
 + Level 4.1 Shields
 - Level 3.0 Spellcasting
 - Level 4.0 Fire Magic
 + Level 5.0 Evocations


You had 14 spell levels left.
You knew the following spells:

 Your Spells              Type           Power      Damage    Failure   Level
a - Scorch                Fire           26%        2d6       22%         2

Your spell library contained the following spells:

 Spells                   Type           Power      Damage    Failure   Level
 Foxfire                  Conj/Fire      28%        2x1d5     32%         1
 Sandblast                Erth           4%         2d4       58%         1
 Slow                     Hex            8%         N/A       58%         1
 Volatile Blastmotes      Fire/Tloc      14%        2d11      69%         3
 Confusing Touch          Hex            2%         N/A       92%         3
 Passwall                 Erth           2%         N/A       92%         3
 Sigil of Binding         Hex            2%         N/A       92%         3
 Stone Arrow              Conj/Erth      4%         3d7       92%         3
 Vampiric Draining        Necr           2%         2d6       92%         3
 Ignite Poison            Fire/Alch      7%         N/A       97%         4
 Sticky Flame             Fire/Alch      7%         2d4       97%         4
 Anguish                  Hex/Necr       1%         N/A       100%        4
 Cause Fear               Hex            1%         N/A       100%        4
 Fulminant Prism          Conj/Alch      1%         3d5       100%        4
 Iskenderun's Mystic Bla Conj/Tloc 2%             2d3        (+2d1     100%        4
 Plasma Beam              Fire/Air       3%         2x1d13    100%        6
 Starburst                Conj/Fire      3%         6d3       100%        6
 Enfeeble                 Hex            1%         N/A       100%        7
 Ignition                 Fire           6%         3d4       100%        8


Dungeon Overview and Level Annotations

Branches:
Dungeon (11/15)            Temple (0/1) D:7            Lair (0/5) D:11
Ossuary (visited)          Bailey (visited)           IceCv (1/1)
    Orc: D:9-12

Altars:
Dithmenos
Kikubaaqudgha
Makhleb
Nemelex Xobeh
Okawaru
Qazlal
Uskayaw
Wu Jian

Shops:
D:4 ?   D:5 (   D:7 [   D:9 ?*

Annotations:
D:7 1 runed translucent door, exclusion: door, Crazy Yiuf
D:8 exclusion: two-headed ogre IceCv 1 transporter, exclusion: 2 ice statues


Innate Abilities, Weirdness & Mutations

You have a pair of small horns on your head.
You are partially covered in molten scales. (AC +2)
You regenerate a little health from kills.
You sometimes gain a little power by taking damage.


Message History

Press: ? - help, Q - select action, (/) - cycle Dir - look around, f - activate Flames lash the two-headed ogre.
The two-headed ogre is burned terribly!
The two-headed ogre is moderately wounded.
You thump the two-headed ogre! You drain the two-headed ogre!
The two-headed ogre is severely wounded.
The two-headed ogre hits you with a +0 giant club.
The two-headed ogre barely misses you.
You hit the two-headed ogre but do no damage.
You drain the two-headed ogre.
The two-headed ogre is almost dead.
The two-headed ogre hits you but does no damage.
You block the two-headed ogre's attack.
You hit the two-headed ogre. You drain the two-headed ogre.
You kill the two-headed ogre!
Casting: Scorch (safe; 19% risk of failure)
Confirm with . or Enter, or press ? or * to list all spells.
Okay, then.
You now have 129 gold pieces (gained 9). 2 rime drakes come into view.
Found a frozen archway.
The rime drake hisses angrily.
The rime drake breathes ice at you. The icy flash freeze hits you!
You partially resist.
You focus on the pain.
You feel very mighty all of a sudden.
You are encased in ice.
The ice encasing you melts away.
The rime drake bites you but does no damage.
You sock the rime drake!
The rime drake is moderately wounded.
You thump the rime drake!
The rime drake is severely wounded.
The rime drake bites you but does no damage.
You block the rime drake's attack.
You completely miss the rime drake.
The rime drake is severely wounded.
The rime drake breathes ice at you. The icy flash freeze misses you.
You block the rime drake's attack.
You sock the rime drake! You drain the rime drake.
You kill the rime drake!
The rime drake breathes ice at you. The icy flash freeze misses you.
You sock the rime drake!
The rime drake is moderately wounded.
You block the rime drake's attack.
You barely miss the rime drake. Your headbutt misses the rime drake.
The rime drake is moderately wounded.
The rime drake barely misses you.
You hit the rime drake. You drain the rime drake.
The rime drake is heavily wounded.
The rime drake bites you.
Your corrosive artefact corrodes you!
You thump the rime drake!
You kill the rime drake!
Your condenser vane has recharged.
Your Shields skill increases to level 4!
No target in view!
You see here a rime drake corpse.
There is a frozen archway here.
You start resting.
You hear the steady crackling of a melting archway.
You remove the ring of Xiluzump {*Corrode rPois Int+3}.
K - a ring of resist corrosion (left hand)
The world spins around you as you enter the gateway.
You enter an ice cave!
The white ugly thing gurgles horribly!
Found a wand of digging (2).
Found an ice covered gate leading back out of this place.
There is an ice choked empty arch of ancient stone here.
Aiming: Dig
Press: ? - help, Shift-Dir - straight line An ice covered gate leading back out of this place.
The rock shatters into small pieces.
There is an ice covered gate leading back out of this place here.
You are no longer corroded.
You feel mightier all of a sudden.
You hit the cane toad simulacrum.
The cane toad simulacrum is lightly damaged.
The cane toad simulacrum closely misses you.
You sock the cane toad simulacrum!
The cane toad simulacrum vaporises!
You hit the white ugly thing. You headbutt the white ugly thing.
The white ugly thing is lightly wounded.
The white ugly thing is engulfed in freezing vapours.
The white ugly thing claws you. The white ugly thing freezes you! You resist.
You completely miss the white ugly thing.
Your headbutt misses the white ugly thing.
The white ugly thing is lightly wounded.
The white ugly thing is engulfed in freezing vapours.
The white ugly thing claws you but does no damage.
You completely miss the white ugly thing.
The white ugly thing is moderately wounded.
The white ugly thing is engulfed in freezing vapours.
The white ugly thing barely misses you.
You thump the white ugly thing!
The white ugly thing is heavily wounded.
The white ugly thing is engulfed in freezing vapours.
You block the white ugly thing's attack.
You sock the white ugly thing! You drain the white ugly thing.
The white ugly thing is almost dead.
You block the white ugly thing's attack.
You barely miss the white ugly thing.
The white ugly thing is almost dead.
The white ugly thing claws you but does no damage.
You hit the white ugly thing.
The white ugly thing is almost dead.
You sock the white ugly thing!
You kill the white ugly thing!
Your Evocations skill increases to level 5!
You hit the polar bear simulacrum. You headbutt the polar bear simulacrum!
The polar bear simulacrum is severely damaged.
The polar bear simulacrum bites you but does no damage.
The polar bear simulacrum claws you but does no damage.
You block the polar bear simulacrum's attack.
You hit the polar bear simulacrum but do no damage.
The polar bear simulacrum is severely damaged.
You thump the polar bear simulacrum!
The polar bear simulacrum vaporises!
You hit the death yak simulacrum but do no damage.
You completely miss the death yak simulacrum.
You headbutt the death yak simulacrum, but do no damage.
The death yak simulacrum gores you!
You focus on the pain.
You feel mightier all of a sudden. The death yak simulacrum freezes you!
You resist.
You sock the death yak simulacrum! You headbutt the death yak simulacrum!
The death yak simulacrum is severely damaged.
The death yak simulacrum gores you! The death yak simulacrum freezes you!
You resist.
You are too injured to fight recklessly!
You sock the death yak simulacrum! You headbutt the death yak simulacrum!
The death yak simulacrum vaporises!
You start resting.
You feel a little less mighty now.
You start resting.
HP restored.
There is an ice covered gate leading back out of this place here.
There is an ice choked empty arch of ancient stone here.
Found a scale mail of cold resistance, 5 boomerangs and 6 stones.
Found 10 stones.
Found a transporter.
U - a wand of digging (8) (gained 2 charges)
Found a runed rapier, a scroll of amnesia and a leather armour.
You see here a +0 scale mail of cold resistance.
l - a +0 scale mail of cold resistance
Found 17 gold pieces, a potion of degeneration and a silver wand.
Found an ice covered gate leading back out of this place.
Found a transporter.
The ice statue glitters chillingly in the dim dungeon light.
Marking area around 2 ice statues as unsafe for travelling.
There is a transporter landing site here.
There is a transporter here.
Okay, then.
You see here 4 stones.
Press: ? - help, v - describe, . - travel, g - get item Item here: a scroll of amnesia.
The floor.
There is a transporter here.
You feel yourself speed up.
Okay, then.
You enter the transporter and appear at another place.
The freezing wraith hits you but does no damage.
The freezing wraith barely misses you. The ice statue gestures at you.
The shard of ice hits you! You partially resist.
The ice statue gestures at you. The freezing blast engulfs you! You resist.
You see here a +0 leather armour.
You are engulfed in freezing vapours.
You resist.
You see here a wand of paralysis (4).
f - a wand of paralysis (4)
You are engulfed in freezing vapours.
You resist.
You are engulfed in freezing vapours.
You resist.
The ice statue gestures.
The freezing wraith hits you but does no damage.
The freezing wraith hits you. The freezing wraith drains your vigour!
You feel yourself slow down.
You see here a +2 rapier of flaming.
The ice statue gestures at you. The freezing blast misses you.
The ice statue gestures.
The freezing wraith attacks as it pursues you!
The freezing wraith hits you but does no damage.
The freezing wraith barely misses you.
You see here a scroll of amnesia.
As you read the scroll of teleportation, it crumbles to dust.
You feel strangely unstable.
You are engulfed in freezing vapours.
You resist. The ice statue gestures at you.
The bolt of cold hits the freezing wraith.
The freezing wraith completely resists.
The bolt of cold hits you! You resist.
The ice statue gestures.
The freezing wraith completely misses you.
The freezing wraith hits you!
* * * LOW HITPOINT WARNING * * *
The freezing wraith drains your vigour!
You feel as though you will be slow longer.
Okay, then.
You are engulfed in freezing vapours.
You resist.
* * * LOW HITPOINT WARNING * * *
The ice statue gestures at you. The shard of ice hits you!!
You partially resist.
You die...
Ignis goes out, and joins you in death.

##### ####
####...### ##.©#
##........####ß..#
##..........##ß...#
##...........#ß...I#
#.......ß..(.#.°°○°#
#.........(.ß#..○°°#
.∩∩........©©#©.○W°#
#.........(.ß#..@○○#
#.......ß..(.#.○○§○#
##...........#ß☼YYI#
##..........##ß.Y.#
##........####ß..#
####...### ##.∩#
##### ####


You could see 2 ice statues, a freezing wraith and 3 ice beasts.

Vanquished Creatures
  Erica (D:8)
  3 two-headed ogres
  Maurice (D:6)
  A cyclops (D:9)
  3 ugly things
  A manticore (D:11)
  2 rime drakes (D:11)
  2 komodo dragons
  4 trolls
  A hornet (D:7)
  A shadow (D:10)
  Sigmund (D:4)
  6 vampire mosquitoes (D:9)
  A wyvern (D:9)
  6 yaks (D:8)
  A basilisk (shapeshifter) (D:9)
  Menkaure (D:4)
  A death yak simulacrum (IceCv)
  Edmund (D:6)
  3 water moccasins
  3 orc warriors
  3 sky beasts
  A black bear (shapeshifter) (D:9)
  2 ogres
  5 wolves (Bailey)
  6 centaurs
  2 kobold brigands (D:9)
  6 bullfrogs
  8 gnoll sergeants (Bailey)
  9 scorpions
  A wyvern zombie (D:9)
  A cane toad simulacrum (IceCv)
  5 wights (D:8)
  4 howler monkeys
  A centaur zombie (Ossuary)
  5 bombardier beetles
  4 human zombies (Ossuary)
  7 jellies
  7 hounds
  8 gnoll boudas
  4 orc priests (D:8)
  A sleepcap (D:5)
  Jessica (D:3)
  3 iguanas
  5 orc wizards
  2 scorpion zombies (Ossuary)
  A polar bear simulacrum (IceCv)
  4 mummies
  17 gnolls
  3 adders
  3 shadow imps
  An adder zombie (Ossuary)
  3 ribbon worms (D:3)
  23 orcs
  2 endoplasms
  4 giant cockroaches
  4 gnoll zombies (Ossuary)
  7 goblins
  5 hobgoblins
  3 jackals (D:3)
  7 kobolds
  4 quokkas
  11 ball pythons
  A ball python zombie (Ossuary)
  2 bats
  4 frilled lizards
  2 jackal zombies (Ossuary)
  9 rats
265 creatures vanquished.

Vanquished Creatures (collateral kills)
  A foxfire (D:9)
1 creature vanquished.

Vanquished Creatures (others)
  46 foxfires
46 creatures vanquished.

Grand Total: 312 creatures vanquished

Notes
Turn   | Place    | Note
-------+----------+-------------------------------------------
     0 | D:1      | TheMeInTeam the Demonspawn Cinder Acolyte began the quest
                  | for the Orb.
     0 | D:1      | Reached XP level 1. HP: 18/18 MP: 2/2
   223 | D:1      | Gained mutation: You sometimes gain a little power by
                  | taking damage. [demonic ancestry]
   223 | D:1      | Reached XP level 2. HP: 23/24 MP: 3/3
   229 | D:1      | Learned a level 2 spell: Scorch
   513 | D:1      | Reached skill level 3 in Maces & Flails
   513 | D:1      | Gained mutation: You are partially covered in molten
                  | scales. (AC +2) [demonic ancestry]
   513 | D:1      | Reached XP level 3. HP: 17/29 MP: 4/4
  1088 | D:2      | Reached skill level 1 in Stealth
  2184 | D:3      | Noticed Jessica
  2216 | D:3      | Killed Jessica
  2217 | D:3      | Reached XP level 4. HP: 28/37 MP: 2/6
  2754 | D:3      | Noticed an ogre
  2776 | D:3      | Killed an ogre
  2777 | D:3      | Reached XP level 5. HP: 42/42 MP: 7/7
  3247 | D:4      | Noticed Menkaure
  3252 | D:4      | Killed Menkaure
  3253 | D:4      | Reached skill level 4 in Maces & Flails
  3253 | D:4      | Gained mutation: You regenerate a little health from kills.
                  | [demonic ancestry]
  3253 | D:4      | Reached XP level 6. HP: 27/49 MP: 9/9
  3397 | D:4      | Reached skill level 1 in Short Blades
  3476 | D:4      | Noticed Sigmund
  3736 | D:4      | Found Rikhlemi's Magic Scroll Shoppe.
  3741 | D:4      | Bought a scroll of brand weapon for 95 gold pieces
  3741 | D:4      | Bought a scroll of fog for 40 gold pieces
  3741 | D:4      | Bought a scroll of identify for 20 gold pieces
  3812 | D:4      | Found an ancient bone altar of Kikubaaqudgha.
  4178 | D:5      | Entered Level 5 of the Dungeon
  4440 | D:5      | Noticed a water moccasin
  4458 | D:5      | Killed a water moccasin
  4459 | D:5      | Reached skill level 5 in Fighting
  4459 | D:5      | Reached XP level 7. HP: 23/56 MP: 0/11
  5457 | D:5      | Found Patza's Weapon Boutique.
  5625 | D:5      | Reached skill level 5 in Maces & Flails
  5713 | D:5      | Found a burning altar of Makhleb.
  6260 | D:6      | Reached XP level 8. HP: 59/64 MP: 12/12
  6529 | D:6      | Found a sand-covered staircase.
  6633 | Ossuary  | Entered an ossuary
  6761 | Ossuary  | Reached skill level 6 in Maces & Flails
  7980 | Ossuary  | Reached XP level 9. HP: 64/72 MP: 8/13
  8658 | D:6      | Noticed Edmund
  8666 | D:6      | Killed Edmund
  8919 | D:6      | Reached skill level 7 in Maces & Flails
  9098 | D:7      | Noticed Maurice
  9101 | D:7      | Maurice stole a +2 dagger of venom
  9106 | D:6      | Maurice stole an orb of mayhem
  9132 | D:6      | Something stole a ring of resist corrosion
  9134 | D:6      | Killed Maurice
  9462 | D:7      | Reached skill level 8 in Maces & Flails
  9602 | D:7      | Found a staircase to the Ecumenical Temple.
  9638 | D:7      | Found a runed translucent door.
  9639 | D:7      | Noticed Crazy Yiuf
 10124 | D:7      | Found Pidaahor's Armour Shop.
 10372 | D:8      | Found an iron altar of Okawaru.
 10614 | D:8      | Noticed Erica
 10729 | D:8      | Gained mutation: You have a pair of small horns on your
                  | head. [demonic ancestry]
 10729 | D:8      | Reached XP level 10. HP: 81/83 MP: 14/14
 10792 | D:8      | Noticed a two-headed ogre
 10889 | D:8      | Reached skill level 9 in Maces & Flails
 11116 | D:8      | Reached skill level 10 in Fighting
 11254 | D:8      | Identified the +7 ring mail of the Gastropod {Str+3}
 11794 | D:8      | Found an iron altar of Okawaru.
 11945 | D:8      | Killed Erica
 12090 | D:8      | Reached skill level 10 in Maces & Flails
 12291 | D:4      | Killed Sigmund
 12695 | D:9      | Found Dyinwif's Gadget Gallery.
 12702 | D:9      | Bought a condenser vane for 400 gold pieces
 12734 | D:9      | Found Moqeogh's Magic Scroll Boutique.
 12743 | D:9      | Bought a scroll of identify for 22 gold pieces
 12743 | D:9      | Bought a scroll of identify for 22 gold pieces
 12962 | D:9      | Reached skill level 1 in Evocations
 13123 | D:9      | Noticed a cyclops
 13131 | D:9      | Killed a cyclops
 13360 | D:9      | Reached skill level 1 in Shields
 13403 | D:9      | Noticed an entropy weaver
 13483 | D:9      | Noticed a purple ugly thing
 13486 | D:9      | Noticed a green ugly thing
 13510 | D:9      | Killed a green ugly thing
 13511 | D:9      | Reached XP level 11. HP: 91/92 MP: 15/15
 13511 | D:9      | Killed a green ugly thing
 13512 | D:9      | Reached skill level 11 in Maces & Flails
 13543 | D:9      | Noticed a two-headed ogre
 13561 | D:9      | Killed a two-headed ogre
 13711 | D:9      | Identified the ring of Xiluzump {*Corrode rPois Int+3}
 13938 | D:9      | Noticed a two-headed ogre
 13962 | D:9      | Killed a two-headed ogre
 14128 | D:10     | Entered Level 10 of the Dungeon
 14139 | D:10     | Found a hide-covered altar of Uskayaw.
 14158 | D:10     | Found a sparkling altar of Nemelex Xobeh.
 14161 | D:10     | Found a shadowy altar of Dithmenos.
 14164 | D:10     | Found an ornate altar of the Wu Jian Council.
 14210 | D:10     | Found a flagged portal.
 14222 | Bailey   | Entered a bailey
 14484 | Bailey   | Identified the +6 broad axe of Destiny {heavy, Str+3}
 15007 | D:7      | Bought the +1 cloak of the Peculiar Tables {^Contam rC+
                  | Will++ Str+2} for 577 gold pieces
 15220 | D:10     | Found a stormy altar of Qazlal.
 15782 | D:11     | Found a staircase to the Lair.
 15815 | D:11     | Reached skill level 1 in Armour
 15849 | D:11     | Noticed a two-headed ogre
 15849 | D:11     | Noticed a two-headed ogre
 15893 | D:10     | Reached skill level 12 in Maces & Flails
 15995 | D:11     | Noticed a two-headed ogre
 16002 | D:11     | Killed a two-headed ogre
 16017 | D:11     | Found a frozen archway.
 16042 | IceCv    | Entered an ice cave
 16042 | IceCv    | Noticed a white ugly thing
 16064 | IceCv    | Killed a white ugly thing
 16065 | IceCv    | Reached skill level 5 in Evocations
 16190 | IceCv    | Found a transporter.
 16198 | IceCv    | Found a transporter.
 16216 | IceCv    | Killed from afar by an ice statue

Illustrated notes

Levels and vault maps discovered:
D:1:      dpeg_arrival_short_road, layout_basic
D:2:      layout_loops_ring, minmay_heptomino_h4
D:3:      layout_basic, serial_co_window_serial, co_window_corner_a,
          co_window_cross_1, co_window_corner_a, co_window_corner_a,
          co_window_corner_a, co_window_of_opportunity_a, co_window_paths_a,
          co_window_2corner, co_window_broadway_c, co_window_cross_3,
          co_window_paths_c, glass_columns_a, glass_columns_a, glass_columns_a,
          glass_columns_c, minmay_fountain_box, hangedman_decor_points,
          uniq_jessica
D:4:      layout_layer_cave, kiku_gazebo_garden_becter, serial_shops,
          nicolae_shop_trees, uniq_sigmund, uniq_menkaure
D:5:      layout_basic, mainiacjoe_overflow_chevrons, serial_shops, shop
D:6:      layout_loops_corners, gup_ossuary_entry_pyramid, uniq_edmund
D:7:      layout_basic, minmay_temple_entry_trees, serial_shops,
          nicolae_shop_tiny_real_fake_doors, uniq_crazy_yiuf_cottage,
          uniq_maurice
D:8:      layout_cave_pods, old_standard_altar, elyvilon_altar_3,
          roderic_lattice_a, uniq_erica
D:9:      regret_index_malice_mire, layout_basic, serial_shops,
          nicolae_shop_trees, nicolae_shop_gadgets
D:10:     layout_loops_cross, nicolae_qazlal_scattered_showers,
          grunt_temple_overflow_cloverleaf, enter_bailey_3
D:11:     nzn_winding_woodlands_small
          [nzn_winding_woodlands_5x15_pathside_ponds,
          nzn_winding_woodlands_center_lodge, nzn_winding_woodlands_5x15_twine],
          layout_stronghold, portal_ice_cave_rime, uniq_snorg
IceCv:    ice_cave_statue_garden_transporter

Skill      XL: |  1  2  3  4  5  6  7  8  9 10 11 |
---------------+----------------------------------+-----
Maces & Flails | 3 4 5 6 8 10 12 | 12.2
Stealth        | 1 2 |  2.0
Fire Magic     | 3 4 |  4.0
Fighting       | 4 5 6 7 9 10 11 | 11.2
Spellcasting   | 2 3 |  3.0
Short Blades   | 1 2 3 4 |  4.0
Evocations     | 2 5 |  5.0
Shields        | 1 4 |  4.1
Armour         | 1 |  1.9

Action                     |  1- 3 |  4- 6 |  7- 9 | 10-12 || total
---------------------------+-------+-------+-------+-------++-------
  Melee: Mace              |    76 |    51 |   190 |       ||   317
         Flail             |       |       |   108 |   446 ||   554
         Headbutt          |       |       |       |    91 ||    91
   Fire: Sling             |     6 |       |       |       ||     6
  Throw: Dart              |       |       |     1 |       ||     1
   Cast: Scorch            |    19 |    29 |   117 |    47 ||   212
 Invoke: Foxfire Swarm     |     1 |     2 |       |     1 ||     4
         Fiery Armour      |     1 |     1 |       |     3 ||     5
  Evoke: Wand              |       |     5 |     1 |    10 ||    16
         Condenser vane    |       |       |       |     2 ||     2
    Use: Scroll            |     5 |     3 |     8 |     9 ||    25
         Potion            |       |     1 |     2 |     9 ||    12
   Stab: Sleeping          |       |       |     3 |     2 ||     5
         Distracted        |       |       |       |     1 ||     1
 Armour: Robe              |    53 |       |       |    97 ||   150
         Leather armour    |    23 |    52 |   261 |     4 ||   340
         Skin              |       |       |    26 |       ||    26
         Troll leather arm |       |       |       |   197 ||   197
         Scale mail        |       |       |       |    84 ||    84
  Dodge: Dodged            |    51 |    31 |   150 |   194 ||   426
  Block: Buckler           |       |       |       |    71 ||    71

Table legend: (Time is in decaauts)
 A = Elapsed time spent in this place.
 B = Non-inter-level travel time spent in this place.
 C = Inter-level travel time spent in this place.
 D = Time resting spent in this place.
 E = Time spent auto-exploring this place.
 F = Levels seen in this place.
 G = Mean time per level.
                   A        B        C        D        E       F      G
               +--------+--------+--------+--------+--------+-----+--------+
         Total |  16180 |  15078 |   1102 |   1276 |  10291 |  14 | 1155.7 |
       Dungeon |  13914 |  12812 |   1102 |    504 |   9688 |  11 | 1264.9 |
       Ossuary |   1475 |   1475 |      0 |    591 |    388 |   1 | 1475.0 |
        Bailey |    621 |    621 |      0 |     72 |    215 |   1 |  621.0 |
      Ice Cave |    168 |    168 |      0 |    109 |      0 |   1 |  168.0 |
               +--------+--------+--------+--------+--------+-----+--------+

Top non-repeatable levels by time:
     D:5: 2036 daAuts
     D:8: 1669 daAuts
     D:6: 1593 daAuts
     D:3: 1551 daAuts
 Ossuary: 1475 daAuts
     D:9: 1447 daAuts
     D:7: 1436 daAuts
     D:4: 1298 daAuts
     D:1: 918 daAuts
     D:2: 863 daAuts
    D:10: 820 daAuts
  Bailey: 621 daAuts
    D:11: 279 daAuts
   IceCv: 168 daAuts
